[Event "Titled Tuesday Blitz November 08 Early 2022"]
[White "Seletsky, Grigory"]
[Black "Lawson, Eric"]
[WhiteFideId "14112191"]
[BlackFideId "2604116"]
[WhiteElo "2492"]
[BlackElo "2513"]
[Result "0-1"]
[Round "06"]
[TimeControl "180+1"]
[Date "2022.11.09"]
[WhiteClock "0:00:19"]
[BlackClock "0:00:24"]

1. e4 c5 2. Nc3 d6 3. Bc4 g6 4. d3 Bg7 5. f4 Nf6 6. Nf3 O-O 7. O-O Bg4 8. Qe1 Bxf3 9. Rxf3 e6 10. f5 d5 11. Bb3 dxe4 12. dxe4 c4 13. e5 cxb3 14. exf6 Qxf6 15. fxe6 Qxe6 16. Qxe6 fxe6 17. Rxf8+ Kxf8 18. axb3 Nc6 19. Be3 Bd4 20. Kf2 Ke7 21. Nd1 a6 22. c3 Be5 23. h3 h5 24. Ke2 Rg8 25. Nf2 g5 26. g4 h4 27. Ne4 Bf4 28. Bc5+ Kf7 29. Rd1 Rd8 30. Rxd8 Nxd8 31. Bd6 e5 32. b4 Ne6 33. b3 Bh2 34. Kf3 Kg6 35. Kg2 Bf4 36. Bc5 Bc1 37. Bd6 Nf4+ 38. Kh2 Nd3 39. Kg2 Kf7 40. Nc5 Nf4+ 41. Kh2 Kf6 42. Ne4+ Ke6 43. Bc5 Ne2 44. c4 Bf4+ 45. Kg2 Ng3 46. Kf3 Nf1 47. Be3 Nxe3 0-1


[Site "https://www.chess.com"]

[Event "Titled Tuesday Blitz November 08 Early 2022"]
[White "Sharifov, Mekhriddin"]
[Black "Kohler, Aran"]
[WhiteFideId "14701545"]
[BlackFideId "1002856"]
[WhiteElo "2109"]
[BlackElo "2348"]
[Result "1-0"]
[Round "06"]
[TimeControl "180+1"]
[Date "2022.11.09"]
[WhiteClock "0:00:13"]
[BlackClock "0:00:27"]

1. e4 c5 2. Nf3 d6 3. d4 cxd4 4. Nxd4 Nf6 5. Nc3 a6 6. Bg5 e6 7. f4 Qb6 8. Qd3 Qxb2 9. Rb1 Qa3 10. f5 Qa5 11. Bxf6 gxf6 12. Be2 h5 13. O-O Nc6 14. fxe6 fxe6 15. Kh1 Nxd4 16. Qxd4 Qe5 17. Qc4 Be7 18. Na4 Bd7 19. Nb6 Rd8 20. Nxd7 Rxd7 21. Qc8+ Rd8 22. Qxb7 Kf7 23. Qxa6 h4 24. h3 Qxe4 25. Bd3 Qa8 26. Qc4 d5 27. Qf4 Rdg8 28. Rb6 d4 29. Be4 Qc8 30. Rb7 Rh5 31. Qxf6+ Ke8 32. Qxe7# 1-0


[Site "https://www.chess.com"]

[Event "Titled Tuesday Blitz November 08 Early 2022"]
[White "Shipov, Sergei"]
[Black "Safin, Robert"]
[WhiteFideId "4113624"]
[BlackFideId "34189120"]
[WhiteElo "2793"]
[BlackElo "2540"]
[Result "1-0"]
[Round "06"]
[TimeControl "180+1"]
[Date "2022.11.09"]
[WhiteClock "0:02:04"]
[BlackClock "0:00:09"]

1. d4 Nf6 2. c4 g6 3. Nc3 Bg7 4. e4 d6 5. Be2 O-O 6. Nf3 Bg4 7. O-O e5 8. d5 a5 9. Be3 Na6 10. Nd2 Bd7 11. a3 h5 12. h3 Nh7 13. Rb1 Bf6 14. b4 axb4 15. axb4 Bg5 16. Bxg5 Qxg5 17. Nf3 Qf4 18. Qd2 Qxd2 19. Nxd2 f5 20. exf5 Bxf5 21. Nde4 Bxe4 22. Nxe4 Nf6 23. Ng5 Nd7 24. g3 c5 25. dxc6 bxc6 26. Rfd1 Rf5 27. h4 Raf8 28. Ne4 c5 29. Rxd6 Ndb8 30. bxc5 Rc8 31. Rxg6+ Kh7 32. Rbb6 Rff8 33. Ng5+ Kh8 34. Rh6+ 1-0


[Site "https://www.chess.com"]

[Event "Titled Tuesday Blitz November 08 Early 2022"]
[White "Sibilio, Mario"]
[Black "Bodnaruk, Anastasia"]
[WhiteFideId "800422"]
[BlackFideId "4181751"]
[WhiteElo "2251"]
[BlackElo "2319"]
[Result "0-1"]
[Round "06"]
[TimeControl "180+1"]
[Date "2022.11.09"]
[WhiteClock "0:00:01"]
[BlackClock "0:00:09"]

1. e4 c5 2. Nf3 d6 3. b3 Nf6 4. e5 dxe5 5. Nxe5 a6 6. Bb2 e6 7. a4 b6 8. Qf3 Ra7 9. Na3 Be7 10. Bd3 O-O 11. O-O Bb7 12. Qh3 h6 13. Rae1 Nc6 14. Nxc6 Bxc6 15. Nc4 Ba8 16. Ne5 Bd6 17. f4 Bxe5 18. Bxe5 Nd5 19. Rf3 f5 20. Rg3 Kh7 21. Bxg7 Rxg7 22. Rxe6 Rf6 23. Bxf5+ Kg8 24. Qh5 Bc6 25. c4 Nc7 26. Rxg7+ Kxg7 27. Qg4+ Kh8 28. Rxf6 Qxf6 29. h4 Be8 30. h5 Bf7 31. Bg6 Bxg6 32. hxg6 Ne6 33. f5 Nd4 34. Qe4 Qxf5 35. Qe8+ Kg7 36. Qe7+ Kxg6 37. Qd6+ Qf6 38. Qg3+ Kh7 39. Qc7+ Qg7 40. Qxb6 Nf3+ 41. Kf2 Nxd2 42. Ke2 Ne4 0-1


[Site "https://www.chess.com"]

[Event "Titled Tuesday Blitz November 08 Early 2022"]
[White "Sreyas Payyappat"]
[Black "Bongo Akanga Ndjila, Barthelemy"]
[WhiteFideId "46674969"]
[BlackFideId "10609431"]
[WhiteElo "2083"]
[BlackElo "1768"]
[Result "1-0"]
[Round "06"]
[TimeControl "180+1"]
[Date "2022.11.09"]
[WhiteClock "0:00:37"]
[BlackClock "0:01:46"]

1. e4 c6 2. d4 d5 3. Nc3 dxe4 4. Nxe4 g6 5. Nf3 Bg7 6. Bd3 Bg4 7. Be3 Bxf3 8. Qxf3 Bxd4 9. Bxd4 Qxd4 10. O-O-O Qa4 11. Rhe1 Nh6 12. Nd6+ Kf8 13. Qe3 Kg7 14. Qe5+ Kg8 15. Qxe7 Qxa2 16. Bc4 Qa1+ 17. Kd2 Qa5+ 18. c3 1-0


[Site "https://www.chess.com"]

[Event "Titled Tuesday Blitz November 08 Early 2022"]
[White "Starosta, Martyna"]
[Black "Ernst, Sipke"]
[WhiteFideId "21818754"]
[BlackFideId "1004689"]
[WhiteElo "1825"]
[BlackElo "2436"]
[Result "1-0"]
[Round "06"]
[TimeControl "180+1"]
[Date "2022.11.09"]
[WhiteClock "0:00:27"]
[BlackClock "0:00:47"]

1. e4 e5 2. Nf3 Nc6 3. Bb5 a6 4. Ba4 Nf6 5. O-O Nxe4 6. d4 b5 7. Bb3 d5 8. dxe5 Be6 9. Qe2 Be7 10. Rd1 O-O 11. c4 bxc4 12. Bxc4 Bc5 13. Be3 Bxe3 14. Qxe3 Qb8 15. Bb3 Na5 16. Nd4 Qb6 17. Na3 Rab8 18. Bc2 Nc5 19. f4 f5 20. Nxe6 Nxe6 21. Qxb6 Rxb6 22. Rxd5 c5 23. b3 Nxf4 24. Rxc5 Ne6 25. Rxa5 Rc6 26. Nc4 Nd4 27. Bd3 Rd8 28. Re1 Kf8 29. Bxf5 Nxf5 30. Rf1 g6 31. g4 Ke7 32. gxf5 gxf5 33. Rxf5 Rg6+ 34. Kf2 Rdg8 35. Ne3 Rc8 36. e6 Rxe6 37. Rae5 Rc1 38. Rxe6+ Kxe6 39. Rh5 Rb1 40. Rh6+ Ke5 41. Kf3 a5 42. Nc4+ Kd4 43. Nxa5 Rb2 44. Rxh7 Rxa2 45. Nc6+ Kc5 46. Ne5 Kd5 47. Nd3 Rd2 48. Rd7+ Ke6 49. Nc5+ Ke5 50. Rxd2 Kf5 51. b4 1-0


[Site "https://www.chess.com"]

[Event "Titled Tuesday Blitz November 08 Early 2022"]
[White "Storey, Charles H"]
[Black "Harsh Suresh"]
[WhiteFideId "406686"]
[BlackFideId "45018464"]
[WhiteElo "2252"]
[BlackElo "2227"]
[Result "0-1"]
[Round "06"]
[TimeControl "180+1"]
[Date "2022.11.09"]
[WhiteClock "0:00:25"]
[BlackClock "0:00:27"]

1. c4 g6 2. g3 Bg7 3. Bg2 d6 4. Nc3 h5 5. Nf3 Bg4 6. h3 Bxf3 7. Bxf3 c6 8. d4 Nd7 9. b3 Ngf6 10. Bb2 O-O 11. g4 hxg4 12. hxg4 e5 13. e3 exd4 14. exd4 Re8+ 15. Kf1 Nf8 16. Qd3 Ne6 17. Bc1 Nh7 18. Ne2 Qf6 19. Bb2 Nhg5 20. Bg2 c5 21. Rd1 cxd4 22. Nxd4 Nf4 23. Qg3 Ne4 24. Bxe4 Rxe4 25. g5 Qe5 26. Qh2 Rxd4 27. Qh7+ Kf8 28. Re1 Qxe1+ 29. Kxe1 Re8+ 30. Kf1 Rd1# 0-1


[Site "https://www.chess.com"]

[Event "Titled Tuesday Blitz November 08 Early 2022"]
[White "Streltsov, Alexey"]
[Black "Fier, Alexandr"]
[WhiteFideId "24104434"]
[BlackFideId "2107139"]
[WhiteElo "2570"]
[BlackElo "2617"]
[Result "1-0"]
[Round "06"]
[TimeControl "180+1"]
[Date "2022.11.09"]
[WhiteClock "0:01:29"]
[BlackClock "0:02:07"]

1. d4 Nf6 2. Nc3 c5 3. d5 g6 4. Bf4 d6 5. Qd2 Nbd7 6. e4 a6 7. a4 Bg7 8. Bh6 O-O 9. h4 Qb6 10. Bxg7 Kxg7 11. h5 Rh8 12. hxg6 hxg6 13. Rxh8 Kxh8 14. Qh6+ Kg8 15. O-O-O Qb4 16. Nf3 b5 17. Bd3 bxa4 18. Rh1 Nh5 19. e5 Qf4+ 20. Qxf4 Nxf4 21. exd6 Nxd3+ 22. cxd3 exd6 23. Ne4 Bb7 24. Nxd6 Bxd5 25. Kd2 Bxf3 26. gxf3 Ne5 27. f4 Nxd3 28. Nxf7 Nxf4 29. Rh8+ Kxf7 30. Rxa8 1-0


[Site "https://www.chess.com"]

[Event "Titled Tuesday Blitz November 08 Early 2022"]
[White "Stribuk, Artiom"]
[Black "Mendez Fortes, Eduardo Jesus"]
[WhiteFideId "13515659"]
[BlackFideId "3502376"]
[WhiteElo "2371"]
[BlackElo "2307"]
[Result "1-0"]
[Round "06"]
[TimeControl "180+1"]
[Date "2022.11.09"]
[WhiteClock "0:01:26"]
[BlackClock "0:01:15"]

1. d4 Nf6 2. c4 e6 3. g3 d5 4. Nf3 dxc4 5. Bg2 a6 6. O-O Nc6 7. Nc3 Rb8 8. e4 Be7 9. d5 Nb4 10. Ne5 exd5 11. exd5 O-O 12. Nxc4 b5 13. Ne3 a5 14. b3 Bd6 15. Bb2 a4 16. a3 Na6 17. b4 Bd7 18. Qd3 Qc8 19. Rfe1 Rd8 20. Rac1 c5 21. dxc6 Bxc6 22. Bxc6 Qxc6 23. Ncd5 Bc5 24. Ne7+ Bxe7 25. Qxd8+ Rxd8 26. Rxc6 Nb8 27. Rb6 Ne4 28. Nf5 1-0


[Site "https://www.chess.com"]

[Event "Titled Tuesday Blitz November 08 Early 2022"]
[White "Szente Varga, Fruzsina"]
[Black "Darini, Pouria"]
[WhiteFideId "712264"]
[BlackFideId "12502200"]
[WhiteElo "1994"]
[BlackElo "2483"]
[Result "0-1"]
[Round "06"]
[TimeControl "180+1"]
[Date "2022.11.09"]
[WhiteClock "0:00:03"]
[BlackClock "0:00:14"]

1. e4 a5 2. d4 b6 3. Nc3 Bb7 4. f3 e6 5. Be3 Nf6 6. Qd2 d5 7. e5 Nfd7 8. Nge2 c5 9. f4 Nc6 10. g3 cxd4 11. Nxd4 Bc5 12. Bh3 O-O 13. O-O Nxd4 14. Bxd4 Ba6 15. Rf2 Re8 16. Re1 Nf8 17. Nd1 Bxd4 18. Qxd4 Qc7 19. Ne3 Qc5 20. c3 Rac8 21. Qd2 Red8 22. Nc2 b5 23. f5 exf5 24. Bxf5 Rc7 25. Nd4 b4 26. Re3 bxc3 27. bxc3 Re8 28. Qc2 Rce7 29. Qa4 Qb6 30. Ref3 Rxe5 31. Bc2 Re1+ 32. Kg2 f6 33. Bb3 Qc5 34. Nf5 R1e2 35. Qg4 Rxf2+ 36. Rxf2 Ng6 37. h4 Qc7 38. h5 Ne5 39. Qd4 Bc4 40. h6 g6 41. Ng7 Rf8 42. Bxc4 Qxc4 43. Qa7 Qe4+ 44. Kh2 Ng4+ 45. Kg1 Qe1+ 46. Kg2 Qxf2+ 47. Qxf2 Nxf2 48. Kxf2 Kf7 49. Ke3 Rc8 50. Kd4 Rc4+ 51. Kd3 Ra4 0-1


[Site "https://www.chess.com"]

[Event "Titled Tuesday Blitz November 08 Early 2022"]
[White "Taboas Rodriguez, Daniel"]
[Black "Fiedorek, Michal"]
[WhiteFideId "2208466"]
[BlackFideId "1199528"]
[WhiteElo "2329"]
[BlackElo "2201"]
[Result "0-1"]
[Round "06"]
[TimeControl "180+1"]
[Date "2022.11.09"]
[WhiteClock "0:00:21"]
[BlackClock "0:00:05"]

1. d4 Nf6 2. Nf3 e6 3. c4 b6 4. Nc3 Bb4 5. Qc2 Bb7 6. a3 Bxc3+ 7. Qxc3 O-O 8. g3 d5 9. Bg2 Ne4 10. Qc2 Nd7 11. O-O c5 12. dxc5 bxc5 13. Rd1 Qe7 14. cxd5 exd5 15. Bf4 Rac8 16. Rac1 Rfd8 17. Qa4 Bc6 18. Qc2 Nb6 19. Ne5 Bb7 20. Nd3 c4 21. Nb4 d4 22. Bf3 a5 23. Na2 g5 24. Bd2 d3 25. exd3 cxd3 26. Qb3 Nxd2 27. Rxd2 Rxc1+ 28. Nxc1 Bxf3 29. Nxd3 Rxd3 30. Qxd3 Qe1+ 31. Qf1 Qxd2 32. b4 axb4 33. axb4 Qxb4 34. h3 Nd5 35. Kh2 Qe4 36. Qc1 h6 37. Qc8+ Kg7 38. Qc1 Qf5 39. Qb2+ Nf6 40. Qd2 h5 41. Qd4 g4 42. hxg4 hxg4 43. Kg1 Qh5 44. Qxg4+ Qxg4 45. Kf1 Qe4 46. Kg1 Qe1+ 47. Kh2 Qh1# 0-1


[Site "https://www.chess.com"]

[Event "Titled Tuesday Blitz November 08 Early 2022"]
[White "Tang, Andrew"]
[Black "Tleptsok, Ruslan"]
[WhiteFideId "2059630"]
[BlackFideId "24104485"]
[WhiteElo "2581"]
[BlackElo "2130"]
[Result "1-0"]
[Round "06"]
[TimeControl "180+1"]
[Date "2022.11.08"]
[WhiteClock "0:01:46"]
[BlackClock "0:01:31"]

1. d4 Nf6 2. c4 e5 3. dxe5 Ne4 4. a3 d6 5. exd6 Bxd6 6. e3 Nc6 7. Nd2 Bf5 8. Nxe4 Bxe4 9. Ne2 Qe7 10. Nc3 O-O-O 11. Bd2 Bg6 12. Be2 Rhe8 13. Qb3 Qh4 14. g3 Qh3 15. Nd5 Be4 16. Rf1 Ne5 17. O-O-O c6 18. Nf4 Qd7 19. Ba5 b6 20. c5 bxc5 21. Ba6+ 1-0


[Site "https://www.chess.com"]

[Event "Titled Tuesday Blitz November 08 Early 2022"]
[White "Tarnowska, Aleksandra"]
[Black "Orlov, Georgi"]
[WhiteFideId "1180967"]
[BlackFideId "2011271"]
[WhiteElo "1776"]
[BlackElo "2566"]
[Result "0-1"]
[Round "06"]
[TimeControl "180+1"]
[Date "2022.11.09"]
[WhiteClock "0:01:09"]
[BlackClock "0:01:58"]

1. e4 e6 2. d4 d5 3. Nd2 Be7 4. e5 c5 5. c3 Nc6 6. Bd3 Qb6 7. Ne2 cxd4 8. cxd4 Nxd4 9. Nxd4 Qxd4 10. Bb5+ Kf8 11. O-O Nh6 12. Qe2 a6 13. Bd3 Bd7 14. Nf3 Qb6 15. Bxh6 gxh6 16. Qd2 Kg7 17. h3 Qb4 18. Nh2 Qxd2 0-1


[Site "https://www.chess.com"]

[Event "Titled Tuesday Blitz November 08 Early 2022"]
[White "Tharushi, T H D Niklesha"]
[Black "Adnan, Habib"]
[WhiteFideId "9918264"]
[BlackFideId "11202270"]
[WhiteElo "1596"]
[BlackElo "2110"]
[Result "0-1"]
[Round "06"]
[TimeControl "180+1"]
[Date "2022.11.09"]
[WhiteClock "0:02:13"]
[BlackClock "0:02:31"]

1. e4 c5 2. Nf3 Nc6 3. d4 cxd4 4. Nxd4 Nf6 5. Nc3 e5 6. Ndb5 d6 7. Bg5 a6 8. Na3 b5 9. Nd5 Be7 10. Bd3 Nxd5 11. exd5 Bxg5 12. dxc6 O-O 13. h4 Be7 14. h5 d5 15. f3 Bh4+ 16. Ke2 Qg5 17. Qd2 Qxg2+ 18. Kd1 Qxh1+ 19. Ke2 Qg2+ 20. Kd1 Qxf3+ 21. Be2 Qh1+ 22. Bf1 Qxf1+ 23. Qe1 Qxe1# 0-1


[Site "https://www.chess.com"]

[Event "Titled Tuesday Blitz November 08 Early 2022"]
[White "Thiel, Thomas"]
[Black "Sovetbekova, Nurai"]
[WhiteFideId "4615964"]
[BlackFideId "13801910"]
[WhiteElo "2209"]
[BlackElo "1925"]
[Result "1-0"]
[Round "06"]
[TimeControl "180+1"]
[Date "2022.11.09"]
[WhiteClock "0:00:04"]
[BlackClock "0:00:04"]

1. e4 c5 2. Nc3 d6 3. f4 g6 4. Nf3 Bg7 5. Bc4 e6 6. O-O Ne7 7. d3 Nbc6 8. f5 exf5 9. Qe1 fxe4 10. dxe4 O-O 11. Qh4 h5 12. Bg5 Be6 13. Nd5 Bxd5 14. Bxd5 Qd7 15. Bf6 Nxd5 16. exd5 Bxf6 17. Qxf6 Ne7 18. Ng5 Nxd5 19. Qf3 Nb4 20. c3 Nc6 21. Rad1 Ne5 22. Qd5 Qe7 23. Ne4 Rad8 24. Nxd6 Ng4 25. Qxc5 Qe3+ 26. Qxe3 Nxe3 27. Rfe1 Nxd1 28. Rxd1 Rd7 29. c4 b6 30. b4 Rfd8 31. c5 bxc5 32. bxc5 Rc7 33. Rd5 Kf8 34. Kf2 Ke7 35. Ke3 Ke6 36. Kd4 Rb8 37. Re5+ Kd7 38. Kc4 Rb1 39. Nb5 Rc1+ 40. Nc3 Rc6 41. Rd5+ Ke6 42. Rd2 Rf1 43. Nd5 Rf5 44. g3 g5 45. Rd3 Rf1 46. Nb4 Rc1+ 47. Kd4 R6xc5 48. Re3+ Kf6 49. Nd3 R5c4+ 50. Kd5 R4c3 51. Rf3+ Kg7 52. Kd4 Rc4+ 53. Ke5 Ra4 54. Nxc1 Ra5+ 55. Kd4 Ra4+ 56. Ke3 g4 57. Rf2 Ra3+ 58. Ke2 Rc3 59. Kd1 Rc4 60. Rd2 Re4 61. Nd3 Ra4 62. Ne1 f5 63. Nd3 Kf6 64. Nf4 Kg5 65. Rd6 Rxf4 66. gxf4+ Kxf4 67. Rd7 h4 68. Ke2 g3 69. hxg3+ hxg3 70. Rxa7 Kg4 71. Rg7+ Kh3 72. a4 f4 73. a5 Kh2 74. a6 g2 75. Kf2 f3 76. a7 g1=Q+ 77. Rxg1 Kh3 78. Rg3+ Kh2 79. Rxf3 Kh1 80. Rh3# 1-0


[Site "https://www.chess.com"]

[Event "Titled Tuesday Blitz November 08 Early 2022"]
[White "Todorovic, Bojan"]
[Black "Roque Sola, Jose Luis"]
[WhiteFideId "917087"]
[BlackFideId "5120390"]
[WhiteElo "2266"]
[BlackElo "2117"]
[Result "1-0"]
[Round "06"]
[TimeControl "180+1"]
[Date "2022.11.09"]
[WhiteClock "0:00:25"]
[BlackClock "0:00:06"]

1. Nf3 Nf6 2. c4 g6 3. Nc3 d5 4. cxd5 Nxd5 5. Qb3 Nxc3 6. bxc3 Bg7 7. g3 O-O 8. Bg2 Nd7 9. O-O Nb6 10. Rb1 Be6 11. Qc2 Qd7 12. d3 c6 13. a4 Nd5 14. Bd2 b6 15. c4 Nc7 16. Bc3 Bxc3 17. Qxc3 f6 18. Nd4 Bh3 19. Bxc6 Qd6 20. Bxa8 Bxf1 21. Rxf1 Rxa8 22. Nb5 Nxb5 23. axb5 a5 24. bxa6 Rxa6 25. Rb1 Qe6 26. Qd2 Qc6 27. Qe3 e5 28. f3 Qc5 29. Qxc5 bxc5 30. Rb5 Rc6 31. Kf2 h5 32. h4 Kf7 33. Rb7+ Kg8 34. Ke3 f5 35. Rd7 Kf8 36. Rd5 f4+ 37. gxf4 exf4+ 38. Kxf4 Kf7 39. Kg5 Re6 40. e4 Rc6 41. f4 1-0


[Site "https://www.chess.com"]

[Event "Titled Tuesday Blitz November 08 Early 2022"]
[White "Tohirjonova, Hulkar"]
[Black "Garrido, Denis"]
[WhiteFideId "14202247"]
[BlackFideId "601217"]
[WhiteElo "2144"]
[BlackElo "2191"]
[Result "1-0"]
[Round "06"]
[TimeControl "180+1"]
[Date "2022.11.09"]
[WhiteClock "0:01:57"]
[BlackClock "0:01:15"]

1. e4 e5 2. d4 exd4 3. Qxd4 Nc6 4. Qe3 Nf6 5. Nc3 Bb4 6. Bd2 O-O 7. O-O-O Re8 8. Qg3 Nxe4 9. Nxe4 Rxe4 10. c3 Bd6 11. f4 Qf6 12. Nh3 b6 13. Bd3 Re7 14. Ng5 g6 15. h4 Bb7 16. h5 Rae8 17. hxg6 fxg6 18. Bc4+ Kh8 19. Qh4 Qg7 20. Nxh7 Qxh7 21. Qf6+ Rg7 22. Rxh7+ Kxh7 23. Rh1# 1-0


[Site "https://www.chess.com"]

[Event "Titled Tuesday Blitz November 08 Early 2022"]
[White "Trifan, Andrei Ioan"]
[Black "Csonka, Balazs"]
[WhiteFideId "12967068"]
[BlackFideId "742910"]
[WhiteElo "2208"]
[BlackElo "2404"]
[Result "1-0"]
[Round "06"]
[TimeControl "180+1"]
[Date "2022.11.09"]
[WhiteClock "0:00:13"]
[BlackClock "0:00:03"]

1. e4 e6 2. d4 d5 3. Nc3 Bb4 4. e5 c5 5. a3 Bxc3+ 6. bxc3 Ne7 7. Qg4 cxd4 8. Bd3 Qc7 9. Ne2 Qxe5 10. Bf4 h5 11. Qg3 h4 12. Qg4 Qh5 13. Qxg7 Rg8 14. Qxd4 Nbc6 15. Qf6 Rxg2 16. Bd6 Bd7 17. Nf4 Qf3 18. Rf1 O-O-O 19. Be2 Qe4 20. Nxg2 Nf5 21. f3 Qxc2 22. Bf4 Rg8 23. Ne3 Qb2 24. Rd1 Nxe3 25. Bxe3 Na5 26. Bf4 Ba4 27. Qe5 Kd7 28. Qc7+ Ke8 29. Bd6 Nc6 30. Qc8+ Nd8 31. Qc7 Bd7 32. Bc5 Qxc3+ 33. Kf2 Qc2 34. Qd6 Nc6 35. Rc1 Rg2+ 36. Kxg2 Qxe2+ 37. Rf2 d4 38. Rxe2 1-0


[Site "https://www.chess.com"]

[Event "Titled Tuesday Blitz November 08 Early 2022"]
[White "Troltenier, Dirk"]
[Black "Alhadad, Mahmoud"]
[WhiteFideId "4606400"]
[BlackFideId "11501863"]
[WhiteElo "2311"]
[BlackElo "1955"]
[Result "1/2-1/2"]
[Round "06"]
[TimeControl "180+1"]
[Date "2022.11.09"]
[WhiteClock "0:00:19"]
[BlackClock "0:00:03"]

1. e4 d5 2. exd5 Nf6 3. d4 Bg4 4. Be2 Bxe2 5. Nxe2 Qxd5 6. O-O Nc6 7. Bf4 O-O-O 8. c3 e5 9. Be3 exd4 10. Nxd4 Nxd4 11. cxd4 Bd6 12. Nc3 Qf5 13. Rc1 Ng4 14. h3 Nxe3 15. fxe3 Qg5 16. Qf3 g6 17. Ne4 Qe7 18. Rc3 f5 19. Nxd6+ Rxd6 20. Rfc1 Rd7 21. a3 Re8 22. b4 Qe4 23. Kf2 a6 24. a4 Kb8 25. b5 axb5 26. axb5 b6 27. Ra3 Rxd4 28. exd4 Qxd4+ 29. Kf1 Re4 30. Rac3 Rf4 31. Ke2 Rxf3 32. gxf3 Qe5+ 33. Kf2 Qxb5 34. Rxc7 Qb2+ 35. Kf1 h5 36. R1c2 Qb1+ 37. Kg2 Qb5 38. Rg7 g5 39. Rxg5 Qd3 40. Rg8+ Kb7 41. Rg7+ Ka6 42. Ra2+ Kb5 43. Rg6 f4 44. Rg5+ Kc4 45. Rb2 Kc3 46. Rgb5 Qg6+ 47. Kf1 Qg3 48. R2b3+ Kd4 49. R3b4+ Kc3 50. Rb3+ Kd4 51. R3b4+ Kc3 52. Rb3+ 1/2-1/2


[Site "https://www.chess.com"]

[Event "Titled Tuesday Blitz November 08 Early 2022"]
[White "Tuncer, Tuna"]
[Black "Todev, Simeon"]
[WhiteFideId "6349269"]
[BlackFideId "2925133"]
[WhiteElo "2216"]
[BlackElo "1938"]
[Result "1-0"]
[Round "06"]
[TimeControl "180+1"]
[Date "2022.11.09"]
[WhiteClock "0:00:12"]
[BlackClock "0:00:02"]

1. d4 Nf6 2. Bf4 c5 3. e3 Qb6 4. Nc3 Qxb2 5. Nb5 Na6 6. dxc5 d6 7. cxd6 Bd7 8. Rb1 Qxa2 9. Bd3 exd6 10. Ne2 Qa5+ 11. c3 Nc5 12. O-O Nxd3 13. Qxd3 Bxb5 14. Rxb5 Qc7 15. Rfb1 b6 16. Bg5 Be7 17. Bxf6 Bxf6 18. Qe4+ Kd7 19. Nf4 Qc6 20. Nd5 Rae8 21. Qa4 Ra8 22. Qg4+ Kd8 23. Qf5 Re8 24. Nxf6 gxf6 25. Qxf6+ Re7 26. c4 Kd7 27. Rd5 Rc8 28. Rbd1 Qxc4 29. Qxd6+ Ke8 30. Qd8+ Rxd8 31. Rxd8# 1-0


[Site "https://www.chess.com"]

[Event "Titled Tuesday Blitz November 08 Early 2022"]
[White "Urazayev, Arystanbek"]
[Black "Wieczorek, Oskar"]
[WhiteFideId "13709810"]
[BlackFideId "1133950"]
[WhiteElo "2441"]
[BlackElo "2404"]
[Result "0-1"]
[Round "06"]
[TimeControl "180+1"]
[Date "2022.11.08"]
[WhiteClock "0:01:43"]
[BlackClock "0:00:14"]

1. d4 Nf6 2. c4 c5 3. d5 g6 4. Nc3 Bg7 5. e4 d6 6. Bd3 O-O 7. Nf3 e6 8. h3 Na6 9. dxe6 Bxe6 10. O-O Nb4 11. Nd5 Nxd3 12. Qxd3 Nxd5 13. exd5 Bf5 14. Qb3 Qb6 15. Bf4 Rfd8 16. Rae1 Qxb3 17. axb3 Bd3 18. Re7 Bxf1 19. Kxf1 Bf8 20. Rxb7 Rdb8 21. Rd7 Rd8 22. Rc7 h6 23. b4 cxb4 24. Nd4 Rdc8 25. Rxc8 Rxc8 26. Nc6 b3 27. Ke2 a5 28. Nxa5 Rc5 29. Bd2 Bg7 30. Kd3 Bxb2 31. Nxb3 Rc8 32. Bxh6 f6 33. Bf4 Be5 34. Be3 g5 35. g3 Kf7 36. f4 gxf4 37. gxf4 Bb2 38. Na5 Ba3 39. h4 Rg8 40. Nc6 Rg3 41. Ke4 f5+ 42. Kd3 Bc1 43. Na5 Bxe3 0-1


[Site "https://www.chess.com"]

[Event "Titled Tuesday Blitz November 08 Early 2022"]
[White "Vaibhav Jayant Raut"]
[Black "Pajeken, Jakob Leon"]
[WhiteFideId "5089034"]
[BlackFideId "12942839"]
[WhiteElo "2147"]
[BlackElo "2429"]
[Result "0-1"]
[Round "06"]
[TimeControl "180+1"]
[Date "2022.11.09"]
[WhiteClock "0:00:04"]
[BlackClock "0:00:46"]

1. e4 e5 2. Nf3 Nc6 3. Bb5 a6 4. Ba4 Nf6 5. O-O Be7 6. d3 b5 7. Bb3 d6 8. c3 O-O 9. h3 Na5 10. Bc2 c5 11. Nbd2 Nc6 12. Re1 Re8 13. Nf1 Bf8 14. Ng3 h6 15. d4 cxd4 16. cxd4 Qc7 17. Bd2 Bd7 18. Rc1 Qb7 19. Bb3 a5 20. a3 a4 21. Ba2 Nxd4 22. Nxd4 exd4 23. Bb4 Nxe4 24. Qf3 Bc6 25. Rxc6 Ng5 26. Qd5 Rxe1+ 27. Bxe1 Re8 28. Bb4 Re5 29. Rxd6 Rxd5 30. Bxd5 Qc8 31. Rc6 Qd7 32. Bxf8 Kxf8 33. Rc5 d3 34. Kf1 d2 35. Ke2 d1=Q+ 36. Kxd1 Ne6 37. Rc2 Qxd5+ 38. Ke1 Qxg2 39. Nf5 Qe4+ 40. Ne3 Nd4 41. Rc8+ Ke7 42. Rc7+ Kd6 43. Rc8 Qd3 44. Rd8+ Ke6 45. Rxd4 Qxd4 46. Kf1 Qxb2 47. Kg2 Qxa3 48. h4 Qxe3 49. h5 Qxf2+ 50. Kh1 Qe2 0-1


[Site "https://www.chess.com"]

[Event "Titled Tuesday Blitz November 08 Early 2022"]
[White "Valle Maytin, Luis Enrique"]
[Black "Carbone, Diego"]
[WhiteFideId "3503666"]
[BlackFideId "3002179"]
[WhiteElo "2225"]
[BlackElo "2265"]
[Result "0-1"]
[Round "06"]
[TimeControl "180+1"]
[Date "2022.11.09"]
[WhiteClock "0:00:10"]
[BlackClock "0:00:46"]

1. e4 e5 2. Nf3 Nc6 3. Bb5 a6 4. Ba4 Nf6 5. O-O Nxe4 6. d4 Be7 7. d5 Nc5 8. Bb3 e4 9. dxc6 exf3 10. cxd7+ Qxd7 11. Qxf3 O-O 12. Nc3 Nxb3 13. axb3 Qf5 14. Qg3 Bd6 15. Qd3 Qxd3 16. cxd3 Rd8 17. Be3 Be6 18. Rac1 Bxb3 19. Ne4 c6 20. Bb6 Rd7 21. Nxd6 Rxd6 22. d4 Re8 23. Rfe1 Rde6 24. Rxe6 Rxe6 25. f3 Re2 26. Rc3 Rxb2 27. Re3 Be6 28. Bc5 b6 29. Bd6 a5 30. f4 h5 31. Re5 Bd5 32. g3 a4 33. Rxh5 g6 34. Re5 Kg7 35. Re7 Rg2+ 36. Kf1 Rxh2 37. Be5+ Kf8 38. Bd6 Kg7 39. Be5+ Kf8 40. Bd6 Kg8 41. Be5 f6 42. Bxf6 a3 43. Rg7+ Kf8 44. Ra7 a2 45. Be7+ Ke8 46. Bf6 a1=Q+ 47. Rxa1 Rh1+ 48. Kf2 Rxa1 0-1


[Site "https://www.chess.com"]

[Event "Titled Tuesday Blitz November 08 Early 2022"]
[White "Volkov, Maksim"]
[Black "Terry, Renato"]
[WhiteFideId "54123070"]
[BlackFideId "3803457"]
[WhiteElo "2257"]
[BlackElo "2577"]
[Result "0-1"]
[Round "06"]
[TimeControl "180+1"]
[Date "2022.11.09"]
[WhiteClock "0:00:14"]
[BlackClock "0:00:36"]

1. d4 Nf6 2. c4 d6 3. Nf3 Nbd7 4. Nc3 e5 5. g3 h5 6. Bg2 exd4 7. Qxd4 Be7 8. O-O Nc5 9. b3 Bf5 10. Bb2 Qd7 11. Rfd1 Bh3 12. Bh1 Qg4 13. Qxg4 Bxg4 14. Rac1 c6 15. Ba3 O-O-O 16. Bg2 Ne6 17. Ne5 Rhf8 18. Nxg4 hxg4 19. h3 Rh8 20. hxg4 Nxg4 21. Ne4 Kc7 22. Bb2 f5 23. Nc3 Kb8 24. e3 Bf6 25. Na4 g5 26. Bxf6 Nxf6 27. Rc2 Kc7 28. b4 f4 29. b5 fxg3 30. bxc6 bxc6 31. fxg3 Ng4 32. Re2 Rde8 33. e4 Ne5 34. c5 dxc5 35. Rc2 c4 36. Nb2 Rd8 37. Rdc1 Nd4 38. Rf2 Rh7 39. Bf1 Nef3+ 40. Rxf3 Nxf3+ 41. Kf2 Nd2 42. Ke3 Rh1 0-1


[Site "https://www.chess.com"]